cohdb
Replays
Latest Replays
All Replays
Popular Replays
Top Player Replays
Match Explorer
How It Works
Community
CoH3 Stats
Reddit
Sign in to upload your games and track your stats! →
Sign in with Steam
Match 44341764
Unlisted
Match 44341764
Overview
Messages
Build Orders
End
Kettenkrad Recon Vehicle
Construct Infanterie Kompanie
Grenadier Squad
Grenadier Squad
Grenadier Squad
MG 42 Machine Gun Team
Construct Panzergrenadier Kompanie
Medical Bunker
Construct Panzer Kompanie
Pioneer Squad
Pioneer Squad
Selects Breakthrough Battlegroup
Selects Rapid Production
Panzer IV Medium Tank
Stoßtruppen Squad
Selects Blitzkrieg
Panzer IV Medium Tank
Panzer Officer Quarters
Blitzkrieg
ifeed
robwarrior
0
0
Comments
sign in to comment!
No comments posted yet!